 Dungeon Crawl Stone Soup version 0.29-a0-668-g12ee2bf84d (webtiles) character file.

Game seed: 18343244242604945135

39 zeratav the Stinger (level 3, -1/24 HPs)
             Began as a Formicid Venom Mage on June 23, 2022.
             Slain by an orc
             ... wielding a +0 club
              (2 damage)
             ... on level 2 of the Dungeon.
             The game lasted 00:04:55 (2411 turns).

zeratav the Stinger (Formicid Venom Mage)           Turns: 2411, Time: 00:04:56

Health: -1/24      AC:  2    Str: 14    XL:     3   Next: 70%
Magic:  4/6        EV: 12    Int: 14    God:
Gold:   72         SH:  0    Dex: 14    Spells: 5/6 levels left

rFire   . . .      SeeInvis +   c - +0 whip {mace}
rCold   . . .      Faith    .   (no shield)
rNeg    . . .      Spirit   .   a - +0 robe
rPois   .          Reflect  .   (helmet unavailable)
rElec   .          Harm     .   (no cloak)
rCorr   .          Rampage  .   (no gloves)
Will    .....                   (no boots)
Stlth   ++........              (no amulet)
HPRegen 0.08/turn               (no ring)
MPRegen 0.10/turn               (no ring)

@: very slightly contaminated
A: permanent stasis, dig shafts and tunnels, antennae 3, four strong arms
a: Dig, Shaft Self


You were on level 2 of the Dungeon.
You visited 1 branch of the dungeon, and saw 3 of its levels.

You collected 72 gold pieces.


Innate Abilities, Weirdness & Mutations

You cannot be hasted, slowed, berserked, paralysed or teleported.
You can dig through walls and to a lower floor.
You have a pair of large antennae on your head. (SInv)
Your four strong arms can wield two-handed weapons with a shield.


   Skills:
 - Level 1.7 Dodging
 - Level 2.4 Stealth
 - Level 2.1 Spellcasting
 - Level 1.1 Transmutations
 + Level 5.9 Poison Magic


You had 5 spell levels left.
You knew the following spells:

 Your Spells              Type           Power      Damage    Failure   Level
a - Sting                 Tmut/Pois      44%        1d5       5%          1

Your spell library contained the following spells:

 Spells                   Type           Power      Damage    Failure   Level
 Poisonous Vapours        Pois/Air       18%        N/A       11%         2
 Olgreb's Toxic Radiance  Pois           18%        N/A       21%         4
 Passwall                 Tmut/Erth      2%         N/A       28%         2
 Mephitic Cloud           Conj/Pois/Air  7%         N/A       30%         3
 Ensorcelled Hibernation  Hex/Ice        2%         N/A       34%         2
 Swiftness                Air            Unusable   N/A       N/A         3

Inventory:

Hand Weapons
 c - a +0 whip (weapon) {mace}
   (You took it off a kobold on level 1 of the Dungeon)
Armour
 a - a +0 robe (worn)
Jewellery
 m - an amulet of reflection
   (You found it on level 2 of the Dungeon)
Scrolls
 g - a scroll of identify {unknown}
 i - 2 scrolls of silence {unknown}
 j - a scroll of teleportation {unknown}
 k - a scroll of torment {unknown}
 n - a scroll of poison {unknown}
 o - a scroll of immolation {unknown}
 p - a scroll of vulnerability {unknown}
Potions
 b - a potion of magic
 d - a potion of might {unknown}
 e - 2 potions of heal wounds {unknown}
 f - a potion of ambrosia {unknown}
 h - a potion of haste {unknown}

Dungeon Overview and Level Annotations

Branches:
Dungeon (3/15) Zot: 15586

Altars:
Cheibriados
Elyvilon
Hepliaklqana
Makhleb

....# #...........#######.#
.##.######...........'..#....#
.P#.....##......(....##.#.#..####
.≈##.....#...........##.#.#......
.≈≈###...#.######+#####.#....####
.≈≈≈P#.....#......#.......##.####
...........#.###.....##..##......
.≈≈≈P###...#....oo...#.......#...
.≈≈#####......#.@....#...#...#.#.
.≈##........)................#.#.
.P###..#...###.###.........(.#...
...##..........###'###....#......
..♣.#..#......##≈≈.≈≈###.#.#.....
8...#..+......#≈≈≈.≈≈≈##.#.#.....
..♣.#..#....###≈≈≈.≈≈≈#....#.....
....#.....### #≈≈≈♣≈≈≈##.#.#.....
######....# #≈≈≈ ≈≈≈##.#.#.....


You could see 2 orcs.


Message History

No target in view!
l - 3 ruby potions (gained 1)
There is a stone staircase leading down here.
You sense a monster nearby.
An orc and an orc wizard come into view.
There are monsters nearby! 2 orcs come into view.
An orc is wielding a +2 mace of protection.
An orc is wielding a +0 trident of freezing.
The orc shouts!
The orc wizard shouts!
The orc shouts!
You hear a shout!
The orc shouts!
A bat comes into view.
An orc comes into view. It is wielding a +0 club.
The bat hits you. The bat barely misses you.
HP[-1]
You take 1 damage, and now have 23/24 hp.
The bat hits you but does no damage.
HP[+1]
Your hp is fully restored (24).
The bat attacks as you move away! The bat hits you but does no damage.
The bat misses you. The bat attacks as you move away!
The bat hits you but does no damage. x2
There is a stone staircase leading down here.
You can't go up here!
The bat attacks as you move away! The bat closely misses you.
The bat hits you but does no damage. The bat hits you.
HP[-1]
You take 1 damage, and now have 23/24 hp.
The bat hits you but does no damage. The bat hits you but does no damage.
The bat barely misses you.
HP[+1]
Your hp is fully restored (24).
The bat misses you. The bat hits you but does no damage.
The bat hits you but does no damage. x2
The orc hits you with a +2 mace of protection!
HP[-7]
You take 7 damage, and now have 17/24 hp.
MASSIVE DAMAGE!! (PAUSE)
The orc hits you with a +0 club.
There is a stone staircase leading up here.
HP[-4]
You take 4 damage, and now have 13/24 hp.
The bat hits you but does no damage. The orc hits you with a +0 club.
* * * LOW HITPOINT WARNING * * *
You climb upwards.
There is a stone staircase leading down here.
HP[-3]
You take 3 damage, and now have 10/24 hp.
Casting: Sting (safe; 5% risk of failure)
Confirm with . or Enter, or press ? or * to list all spells.
Aiming: Sting (safe; 5% risk of failure)
Press: ? - help, Shift-Dir - straight line, f - orc
Aim: an orc, wielding a +2 mace of protection and wearing a +0 scale mail (75% to hit)
You miscast Sting.
You are very lightly contaminated with residual magic.
Nothing appears to happen.
The orc hits you with a +2 mace of protection.
* * * LOW HITPOINT WARNING * * *
The orc misses you.
HP[-4] MP[-1]
You take 4 damage, and now have 6/24 hp.
You lost 1 mp, and now have 5/6 mp.
Casting: Sting (safe; 5% risk of failure)
Confirm with . or Enter, or press ? or * to list all spells.
Aiming: Sting (safe; 5% risk of failure)
Press: ? - help, Shift-Dir - straight line, f/p - orc
Aim: an orc, wielding a +2 mace of protection and wearing a +0 scale mail (75% to hit)
The sting misses the orc.
The orc closely misses you. The orc hits you with a +0 club.
* * * LOW HITPOINT WARNING * * *
HP[-3] MP[-1]
You take 3 damage, and now have 3/24 hp.
You lost 1 mp, and now have 4/6 mp.
It was a potion of curing.
You feel better.
The orc hits you with a +2 mace of protection.
* * * LOW HITPOINT WARNING * * *
The orc hits you with a +0 club.
* * * LOW HITPOINT WARNING * * *
HP[-1]
You take 1 damage, and now have 2/24 hp.
You feel better.
The orc hits you with a +2 mace of protection.
* * * LOW HITPOINT WARNING * * *
The orc hits you with a +0 club.
* * * LOW HITPOINT WARNING * * *
You feel better. The orc closely misses you. The orc hits you with a +0 club.
* * * LOW HITPOINT WARNING * * *
HP[+5]
You regained 5 hp, and now have 7/24 hp.
Okay, then.
HP[+1] Are you sure you want to shaft yourself?
The orc hits you with a +2 mace of protection!
* * * LOW HITPOINT WARNING * * *
The orc completely misses you.
You begin to dig a shaft.
You continue digging a shaft.
The orc misses you. The orc hits you with a +0 club.
You die...

Skill      XL: |  1  2 |
---------------+-------+-----
Poison Magic   | 5 |  5.9
Dodging        | |  1.7
Stealth        | |  2.4
Spellcasting   | |  2.1
Transmutations | |  1.1

Action                   || total
-------------------------++-------
Melee: Whip              ||    14
 Cast: Sting             ||    56
 Abil: Shaft Self        ||     1
  Use: Potion            ||     3
Armor: Robe              ||    19
Dodge: Dodged            ||    28

Levels and vault maps discovered:
D:1:      ncdulo_halloftheorcs, layout_basic, ebering_ecumenical_altar_webs
D:2:      layout_basic, basic_altar, dreamdust_princess_bridge,
          kennysheep_flooded_box, chequers_serial_rivers_micro_b
D:3:      layout_basic, nicolae_overflow_quartered_altars,
          uniq_crazy_yiuf_cottage

Notes
Turn   | Place    | Note
-------+----------+-------------------------------------------
     0 | D:1      | zeratav the Formicid Venom Mage began the quest for the
                  | Orb.
     0 | D:1      | Reached XP level 1. HP: 13/13 MP: 3/3
     0 | D:1      | magus.rc [v1.9.6]
     0 | D:1      | magus.rc [v1.9.6]
   281 | D:1      | Reached XP level 2. HP: 14/19 MP: 0/5
   480 | D:1      | You pick up a book of Burglary and begin reading...
   480 | D:1      | You add the spells Passwall and Ensorcelled Hibernation to
                  | your library.
   716 | D:1      | Reached skill level 5 in Poison Magic
  1095 | D:1      | Found a faded altar of an unknown god.
  1205 | D:1      | Reached XP level 3. HP: 24/24 MP: 3/6
  1536 | D:2      | Found a snail-covered altar of Cheibriados.
  2290 | D:3      | Found a burning altar of Makhleb.
  2291 | D:3      | Found a hazy altar of Hepliaklqana.
  2291 | D:3      | Found a white marble altar of Elyvilon.
  2404 | D:2      | HP: 6/24 [orc/+2 mace of protection (4)]
  2406 | D:2      | HP: 2/24 [orc/+0 club (3)]
  2411 | D:2      | Slain by an orc

Vanquished Creatures
  A worm (D:2)
  2 dart slugs
  4 bats
  3 endoplasms
  2 giant cockroaches
  5 goblins
  A hobgoblin (D:1)
  3 quokkas
  2 ball pythons
  2 frilled lizards (D:1)
  2 kobolds (D:1)
  4 rats
31 creatures vanquished.

Table legend:
 A = Non-vault XP
 B = Vault XP
 C = Vault XP percentage of total XP
 D = Non-vault monster count
 E = Vault monster count
 F = Vault count percentage of total count
                 A         B        C        D         E       F
            +---------+---------+-------+---------+---------+-------
      Total |      57 |       0 |   0.0 |      31 |       0 |   0.0
            +---------+---------+-------+---------+---------+-------
        D:1 |      30 |       0 |   0.0 |      18 |       0 |   0.0
        D:2 |      25 |       0 |   0.0 |      12 |       0 |   0.0
        D:3 |       2 |       0 |   0.0 |       1 |       0 |   0.0
            +---------+---------+-------+---------+---------+-------

Illustrated notes

Table legend:
 A = Kills in this place as a percentage of kills in entire the game.
 B = Kills by you in this place as a percentage of kills by you in the entire game.
 C = Kills by friends in this place as a percentage of kills by friends in the entire game.
 D = Other kills in this place as a percentage of other kills in the entire game.
 E = Experience gained in this place as a percentage of experience gained in the entire game.
 F = Experience gained in this place divided by the number of levels of this place that you have seen.
                   A       B       C       D       E      F
               +-------+-------+-------+-------+-------+----------------------
         Total | 100.0 | 100.0 |   N/A |   N/A | 100.0 |  19.0
       Dungeon | 100.0 | 100.0 |   N/A |   N/A | 100.0 |  19.0
               +-------+-------+-------+-------+-------+----------------------

Table legend: (Time is in decaauts)
 A = Elapsed time spent in this place.
 B = Non-inter-level travel time spent in this place.
 C = Inter-level travel time spent in this place.
 D = Time resting spent in this place.
 E = Time spent auto-exploring this place.
 F = Levels seen in this place.
 G = Mean time per level.
                   A        B        C        D        E       F      G
               +--------+--------+--------+--------+--------+-----+--------+
         Total |   2412 |   2366 |     46 |     61 |   2073 |   3 |  804.0 |
       Dungeon |   2412 |   2366 |     46 |     61 |   2073 |   3 |  804.0 |
               +--------+--------+--------+--------+--------+-----+--------+

Top non-repeatable levels by time:
     D:1: 1283 daAuts
     D:2: 899 daAuts
     D:3: 229 daAuts
